 Seeded DCSS version 0.31-a0-840-g6d2ecbb638 (webtiles) character file.

Game seed: 4650116273386822121 (custom seed)

139098 qw the Marksgargoyle (level 17, 91/120 HPs)
             Began as a Gargoyle Hunter on Sept 25, 2023.
             Was a High Priest of Okawaru.
             Quit the game on level 1 of the Shoals on Sept 27, 2023.
             The game lasted 00:14:07 (23500 turns).

qw the Marksgargoyle (Gargoyle Hunter)             Turns: 23500, Time: 00:14:08

Health: 91/120     AC: 33    Str: 18    XL:     17   Next: 27%
Magic:  24/24      EV: 30    Int: 15    God:    Okawaru [*****.]
Gold:   249        SH:  0    Dex: 19    Spells: 16/16 levels left

rFire   + . .        y - +1 longbow (drain)
rCold   . . .        (shield currently unavailable)
rNeg    + . .        n - +4 ring mail "Vamapno" {rElec Int+3 Slay+3}
rPois   inf          w - +0 helmet
rElec   +            u - scarf {repulsion}
rCorr   .            s - +1 pair of gloves
SInv    .            m - +2 pair of boots
Will    ++...        p - amulet of faith
Stlth   ++++         x - ring of Gozag's Scorn {rF+ Will+ Str+3 Slay+3 Stlth+}
HPRegen 0.40/turn    c - ring of the Hare {EV+10}
MPRegen 0.19/turn

%: repel missiles, faith
@: heroic, flying
A: sickness immunity, AC +12, big wings, negative energy resistance 1,
electricity resistance, torment resistance 1, petrification resistance
a: Renounce Religion, Heroism, Finesse, Duel


You were on level 1 of the Shoals.
You worshipped Okawaru.
Okawaru was extremely pleased with you.
You visited 6 branches of the dungeon, and saw 27 of its levels.
You visited the Abyss 1 time.
You also visited: Gauntlet.

You collected 2532 gold pieces.
You spent 2283 gold pieces at shops.


Innate Abilities, Weirdness & Mutations

You are immune to sickness and miasma.
Your stone body is resilient. (AC +12)
You are immune to poison.
Your large and strong wings let you fly.
You resist negative energy. (rN+)
You are resistant to electric shocks. (rElec)
You are resistant to unholy torment.
You are immune to petrification.


   Skills:
 - Level 18.6(23.6) Fighting
 + Level 19.1(24.1) Ranged Weapons
 - Level 11.0(16.0) Armour
 - Level 10.0(15.0) Dodging
 - Level 1.1(6.1) Stealth
 - Level 10.0 Invocations


You had 16 spell levels left.
You didn't know any spells.
Your spell library was empty.

Inventory:

Hand Weapons
 y - a +1 longbow of draining (weapon)
Armour
 f - a +2 robe of resistance
 m - a +2 pair of boots (worn)
 n - the +4 ring mail "Vamapno" (worn) {rElec Int+3 Slay+3}
   (You found it on level 11 of the Dungeon)

   Int+3:     It affects your intelligence (+3).
   Slay+3:    It affects your accuracy & damage with ranged weapons and melee
   (+3).
   rElec:     It insulates you from electricity.
 q - a +2 cloak
 s - a +1 pair of gloves (worn)
 u - a scarf of repulsion (worn)
 w - a +0 helmet (worn)
Jewellery
 c - the ring of the Hare (right hand) {EV+10}
   (You found it in a Gauntlet)

   [ring of evasion]

   EV+10:     It affects your evasion (+10).
 i - the brooch of Shielding {Spirit SH+8}
   (You bought it in a shop on level 2 of the Orcish Mines)

   [amulet of guardian spirit]

   Spirit:    It causes incoming damage to be divided between your reserves of
   health and magic.
   SH+8:      It affects your SH (+8).
 p - an amulet of faith (around neck)
 x - the ring of Gozag's Scorn (left hand) {rF+ Will+ Str+3 Slay+3 Stlth+}
   (You bought it in a shop on level 2 of the Orcish Mines)

   [ring of willpower]

   Str+3:     It affects your strength (+3).
   Slay+3:    It affects your accuracy & damage with ranged weapons and melee
   (+3).
   rF+:       It protects you from fire.
   Will+:     It increases your willpower.
   Stlth+:    It makes you more stealthy.
 Y - the ring of the Tortoise {AC+8}
   (You found it on level 5 of the Lair of Beasts)

   [ring of protection]

   AC+8:      It affects your AC (+8).
Wands
 k - a wand of digging (5)
Scrolls
 g - 7 scrolls of identify
 t - 8 scrolls of teleportation
Potions
 a - 5 potions of might
 b - 2 potions of heal wounds
 d - 7 potions of curing
 e - 4 potions of enlightenment
 h - a potion of cancellation
 j - 5 potions of haste
 l - a potion of mutation
 o - 3 potions of magic
 r - 2 potions of resistance

Dungeon Overview and Level Annotations

Branches:
Dungeon (15/15)            Temple (1/1) D:4            Lair (5/5) D:11
 Shoals (1/4) Lair:3        Snake (3/4) Lair:3        Slime (0/5) Lair:5
    Orc (2/2) D:11            Elf (0/3) Orc:2        Vaults (0/5) D:14
 Depths (0/4) D:15        Gauntlet (visited)

Altars:
Ashenzari
Cheibriados
Dithmenos
Elyvilon
Fedhas
Gozag
Hepliaklqana
Kikubaaqudgha
Makhleb
Nemelex Xobeh
Okawaru
Qazlal
Ru
Sif Muna
Trog
Uskayaw
Vehumet
Wu Jian
Xom
Yredelemnul
Zin
The Shining One

Shops:
D:2 (   D:8 ?   D:15 ?   Orc:2 *=([*   Snake:1 *

Annotations:
D:8 4 runed translucent doors, qwqw's ghost, novice DsBe
D:11 2 transporters
D:12 2 transporters, Hiocolosaf's ghost, journeyman GrFi
Shoals:1 Kirke


Message History

The merfolk impaler completely misses you.
You shoot an arrow.
The arrow completely misses the manticore.
The hog closely misses you.
The merfolk impaler completely misses you.
You shoot an arrow. The arrow hits the manticore!
You drain the manticore.
The manticore is almost dead.
You hear some strange, mumbled words.
Something summons a sphinx!
The manticore completely misses you. x3
The merfolk impaler completely misses you.
You shoot an arrow. The arrow hits the manticore!!
You kill the manticore!
The manticore's corpse disappears in a puff of smoke!
The merfolk impaler hits you but does no damage.
Something completely misses you. The hog misses you.
You shoot an arrow. The arrow hits the hog.
You drain the hog.
The hog is moderately wounded.
Level annotation: Kirke Welcome back, qw the Gargoyle Hunter.
Game seed: 4650116273386822121 (custom seed) Okawaru says: Bring me glory in combat!
Press ? for a list of commands and other information.
Enter note:
Enter note:
23500 ||| PLANNING SHOALS:1-3 [Hit ESC to exit interpreter.] > weap = get_weapon() > dsay(weap.artprops["Fragile"]) repl:1: attempt to index field 'artprops' (a nil value) > Saving game... please wait.
Level annotation: Kirke Welcome back, qw the Gargoyle Hunter.
Game seed: 4650116273386822121 (custom seed) Okawaru says: Bring me glory in combat!
Press ? for a list of commands and other information.
Enter note:
Enter note:
23500 ||| PLANNING SHOALS:1-3 Are you sure you want to abandon this character and quit the game? (Confirm with "yes".)

##..~~~ .. ..~~~~
.~.# #.~~~#
~~.##. .
##.~~.###......
..#..~~..........
~....~~..........
~%~~~~~~.........
~~~~~..<~¤h.....~
~~~~~~..~@{.H$~~~
~~~~~~~~~h...~~~~
~~~~~~~~~~.m.~~~~
~~~~~~~~~~~~~~~~~
~~~~~~~~~~~~~~~~~
~~~~~~~~~~~~~~~~~
~~~~~~~~~~~~~~~~~
~~~~~~~~~~~~~~~~


You could see a sphinx (summoned), a merfolk impaler (drained) and 2 hogs.

Vanquished Creatures
  Vashnia (Snake:2)
  Nikola (Snake:2)
  Jorgrun (Orc:1)
  Gastronok (D:10)
  Agnes (D:13)
  Aizul (Snake:1)
  An orc warlord (Orc:2)
  Nessos (Orc:2)
  A minotaur (Gauntlet)
  An ettin (D:14)
  A blizzard demon (Gauntlet)
  2 fire dragons
  A quicksilver dragon skeleton (Abyss:3)
  4 hydras
  Harold (D:10)
  2 boulder beetles (D:11)
  A catoblepas (D:14)
  5 anacondas
  3 two-headed ogres
  Erica (D:10)
  3 centaur warriors
  5 naga warriors
  A tengu warrior (D:13)
  3 death yaks (Lair:5)
  5 shock serpents
  2 thrashing horrors (Abyss:3)
  2 orc high priests (Orc:2)
  10 naga sharpshooters
  Amaemon (D:10)
  Sonja (Orc:1)
  Nergalle (Orc:1)
  4 skeletal warriors (D:13)
  3 skysharks (Lair:5)
  A shadow wraith (D:14)
  3 naga ritualists
  A swamp dragon (Lair:5)
  3 wizards (D:15)
  4 orc knights
  A deep elf zephyrmancer (D:15)
  2 deep elf pyromancers
  A harpy (Shoals:1)
  4 mana vipers
  A wolf spider zombie (D:15)
  A necromancer (D:15)
  2 wolf spiders (Lair:5)
  An oklob plant (Gauntlet)
  9 cyclopes
  26 ugly things
  A manticore (D:12)
  6 salamanders
  10 orc sorcerers
  A guardian serpent (Lair:5)
  30 black mambas
  18 elephants
  3 gargoyles
  8 naga magi
  11 cane toads
  An orange demon (D:10)
  A centaur skeleton (D:15)
  A tengu conjurer (D:15)
  2 unseen horrors
  6 komodo dragons
  2 minotaur zombies (Gauntlet)
  5 rime drakes
  A freezing wraith (D:14)
  An efreet (D:13)
  An ice devil (Gauntlet)
  2 burning bushes (Lair:2)
  A queen bee (shapeshifter) (D:15)
  A polar bear (Lair:2)
  6 trolls
  5 hornets
  11 blink frogs
  Prince Ribbit (D:5)
  A culicivora (shapeshifter) (D:14)
  13 slime creatures (D:13)
  A centaur simulacrum (D:15)
  3 wraiths
  5 shadows
  4 basilisks
  12 wyverns
  39 yaks
  A hog (Shoals:1)
  2 redbacks (Lair:5)
  12 vampire mosquitoes
  Menkaure (D:6)
  3 steam dragons
  27 nagas
  2 wargs
  7 acid dragons
  24 water moccasins
  A swamp drake (Lair:5)
  2 black bears
  25 orc warriors
  2 sky beasts
  6 ogres
  6 centaurs
  Blork the orc (Orc:2)
  6 kobold brigands
  8 bullfrogs
  A gnoll sergeant (D:7)
  4 scorpions
  A hornet simulacrum (D:15)
  14 wights
  3 killer bees (D:4)
  17 electric eels
  4 hounds
  20 orc priests
  13 jellies (Lair:5)
  A quasit (Abyss:3)
  2 gnoll boudas
  A sleepcap (D:4)
  7 iguanas
  26 orc wizards
  20 gnolls
  A river rat (D:3)
  6 adders
  A shadow imp (D:5)
  3 white imps
  3 worms
  3 dart slugs
  62 orcs
  10 endoplasms
  4 giant cockroaches
  5 goblins
  5 hobgoblins
  23 kobolds
  6 quokkas
  8 ball pythons
  5 bats
  2 frilled lizards
  3 rats
766 creatures vanquished.

Vanquished Creatures (others)
  An orc wizard (D:10)
  2 gnolls (Orc:1)
  An orc (Orc:1)
  A kobold (D:4)
5 creatures vanquished.

Grand Total: 771 creatures vanquished

Notes
Turn   | Place    | Note
-------+----------+-------------------------------------------
     0 | D:1      | qw the Gargoyle Hunter began the quest for the Orb.
     0 | D:1      | Reached XP level 1. HP: 12/12 MP: 1/1
     0 | D:1      | 0 ||| qw: Version: 0.3-a-91-g89a76e4
     0 | D:1      | 0 ||| qw: Game counter: 36
     0 | D:1      | 0 ||| qw: Melee chars always use a shield: true
     0 | D:1      | 0 ||| qw: God list: Okawaru
     0 | D:1      | 0 ||| qw: Allow faded altars: false
     0 | D:1      | 0 ||| qw: Do Orc after clearing Dungeon:15 true
     0 | D:1      | 0 ||| qw: Do second Lair branch before Depths: true
     0 | D:1      | 0 ||| qw: Lair rune preference: random
     0 | D:1      | 0 ||| qw: Goals: Normal
     0 | D:1      | 0 ||| PLANNING D:1-11
     0 | D:1      | 0 ||| qw: Version: 0.3-a-91-g89a76e4
     0 | D:1      | 0 ||| qw: Game counter: 37
     0 | D:1      | 0 ||| qw: Melee chars always use a shield: true
     0 | D:1      | 0 ||| qw: God list: Okawaru
     0 | D:1      | 0 ||| qw: Allow faded altars: false
     0 | D:1      | 0 ||| qw: Do Orc after clearing Dungeon:15 true
     0 | D:1      | 0 ||| qw: Do second Lair branch before Depths: true
     0 | D:1      | 0 ||| qw: Lair rune preference: random
     0 | D:1      | 0 ||| qw: Goals: Normal
     0 | D:1      | 0 ||| PLANNING D:1-11
    82 | D:1      | Reached XP level 2. HP: 17/17 MP: 2/2
   259 | D:1      | Reached XP level 3. HP: 21/21 MP: 3/3
   279 | D:1      | Reached skill level 5 in Ranged Weapons
   281 | D:1      | You fall into a shaft and drop 1 floor!
   281 | D:2      | Found Likharch's Antique Weapon Boutique.
   305 | D:2      | 305 ||| UPGRADING to +5 ring of evasion.
   306 | D:2      | 306 ||| READING scroll labelled LAEHI BEGGOAT.
   307 | D:2      | 307 ||| READING scroll labelled VOLOR SAGATOHE.
   308 | D:2      | 308 ||| READING 2 scrolls labelled CINGURYQO.
   309 | D:2      | 309 ||| DROPPING scroll of butterflies.
   653 | D:1      | 653 ||| READING scroll labelled MYUHAFU AG VUH.
   783 | D:2      | Reached skill level 3 in Fighting
   986 | D:2      | Found a shadowy altar of Dithmenos.
  1300 | D:2      | 1300 ||| UPGRADING to +0 ring mail.
  1310 | D:2      | 1310 ||| DROPPING +0 leather armour.
  1311 | D:2      | 1311 ||| UPGRADING to amulet of regeneration.
  1316 | D:2      | 1316 ||| READING scroll labelled CYDAUWIASM.
  1317 | D:2      | 1317 ||| READING scroll labelled LOUXEU DEVVOUQ.
  1322 | D:2      | 1322 ||| DRINKING 2 smoky green potions.
  1361 | D:3      | 1361 ||| PLANNING SEWER
  1398 | D:3      | Reached skill level 1 in Armour
  1398 | D:3      | Reached XP level 4. HP: 28/28 MP: 4/4
  1644 | D:3      | Found a hazy altar of Hepliaklqana.
  1710 | D:3      | Reached XP level 5. HP: 32/32 MP: 5/5
  2103 | D:3      | 2103 ||| RIP SEWER
  2104 | D:3      | 2104 ||| PLANNING D:1-11
  2137 | D:3      | 2137 ||| UPGRADING to +0 robe of fire resistance.
  2147 | D:3      | 2147 ||| DROPPING ring of wizardry.
  2148 | D:3      | 2148 ||| READING scroll labelled WITHROGRE SESOO.
  2149 | D:3      | 2149 ||| READING scroll labelled MAD CUJOEROMMYL.
  2150 | D:3      | 2150 ||| DRINKING 2 metallic coppery potions.
  2151 | D:3      | 2151 ||| READING 2 scrolls of identify.
  2151 | D:3      | 2151 ||| IDENTIFYING metallic sapphire potion
  2165 | D:4      | Noticed an ogre
  2175 | D:4      | Killed an ogre
  2176 | D:4      | Reached skill level 6 in Ranged Weapons
  2426 | D:4      | 2426 ||| FLEEEEING.
  2431 | D:4      | Reached XP level 6. HP: 37/37 MP: 6/6
  2478 | D:4      | Found a staircase to the Ecumenical Temple.
  2479 | D:4      | 2479 ||| PLANNING TEMPLE
  2479 | D:4      | 2479 ||| READING 2 scrolls labelled HEINAA XETHREG.
  2480 | D:4      | 2480 ||| READING scroll of enchant weapon.
  2480 | D:4      | 2480 ||| ENCHANTING +1 shortbow of electrocution.
  2481 | D:4      | 2481 ||| READING scroll labelled ZIS BOID SELUARCHY.
  2591 | Temple   | Entered the Ecumenical Temple
  2592 | Temple   | 2592 ||| PLANNING OKAWARU WORSHIP
  2600 | Temple   | Became a worshipper of Warmaster Okawaru
  2601 | Temple   | 2601 ||| PLANNING D:1-11
  2694 | D:4      | Identified the staff of Harmony {rElec rPois rF- rC++ Int+2
                  | Air}
  2698 | D:4      | Reached skill level 7 in Ranged Weapons
  2745 | D:4      | 2745 ||| Stepping ~*~*~tactically~*~*~ (retreating).
  2749 | D:4      | Reached XP level 7. HP: 38/43 MP: 7/7
  3012 | D:4      | 3012 ||| DROPPING +0 ring mail.
  3013 | D:4      | 3013 ||| UPGRADING to +0 pair of boots.
  3018 | D:4      | 3018 ||| UPGRADING to +3 leather armour.
  3028 | D:4      | 3028 ||| READING scroll labelled VUMIJU UFRO.
  3047 | D:5      | Entered Level 5 of the Dungeon
  3069 | D:5      | Reached skill level 8 in Ranged Weapons
  3081 | D:5      | Found a sparkling altar of Nemelex Xobeh.
  3259 | D:5      | Noticed Prince Ribbit
  3264 | D:5      | Killed Prince Ribbit
  3264 | D:5      | Reached * piety under Okawaru
  3265 | D:5      | Reached XP level 8. HP: 40/49 MP: 8/8
  3285 | D:5      | Noticed a +0 hand axe
  3285 | D:5      | Noticed a +0 hand axe
  3291 | D:5      | Found a hide-covered altar of Uskayaw.
  3446 | D:5      | Found a sacrificial altar of Ru.
  3551 | D:5      | Found an ornate altar of the Wu Jian Council.
  3564 | D:5      | 3564 ||| READING 2 scrolls labelled FIDOHA UFAROM.
  3565 | D:5      | 3565 ||| READING 2 scrolls labelled HAMNOCKA AXTY.
  3566 | D:5      | 3566 ||| READING scroll of enchant armour.
  3566 | D:5      | 3566 ||| ENCHANTING +0 pair of boots.
  3567 | D:5      | 3567 ||| DROPPING scroll of vulnerability.
  3609 | D:6      | Reached skill level 9 in Ranged Weapons
  3609 | D:6      | Reached skill level 1 in Invocations
  3673 | D:6      | 3673 ||| RETREEAATING.
  3674 | D:6      | 3674 ||| INVOKING Heroism.
  3697 | D:6      | 3697 ||| INVOKING Heroism.
  3706 | D:6      | Reached skill level 3 in Invocations
  3709 | D:6      | Reached skill level 6 in Fighting
  3717 | D:6      | 3717 ||| FLEEEEING.
  3744 | D:6      | 3744 ||| INVOKING Heroism.
  3825 | D:6      | Noticed Menkaure
  3826 | D:6      | 3826 ||| INVOKING Heroism.
  3830 | D:6      | Killed Menkaure
  3868 | D:6      | 3868 ||| INVOKING Heroism.
  3893 | D:6      | Reached XP level 9. HP: 55/55 MP: 12/12
  3904 | D:6      | Reached skill level 10 in Ranged Weapons
  3954 | D:6      | 3954 ||| DROPPING ring of magical power.
  3955 | D:6      | 3955 ||| READING 3 scrolls labelled XASTRY LUUTSEL.
  3956 | D:6      | 3956 ||| READING 2 scrolls of identify.
  3956 | D:6      | 3956 ||| IDENTIFYING green potion
  3957 | D:6      | 3957 ||| DROPPING potion of ambrosia.
  3958 | D:6      | 3958 ||| DROPPING 2 scrolls of amnesia.
  4045 | D:6      | 4045 ||| INVOKING Heroism.
  4126 | D:6      | Reached skill level 3 in Dodging
  4236 | D:6      | 4236 ||| INVOKING Heroism.
  4377 | D:6      | 4377 ||| DROPPING amulet of magic regeneration.
  4378 | D:6      | 4378 ||| DRINKING 2 puce potions.
  4413 | D:6      | 4413 ||| DROPPING potion of lignification.
  4454 | D:7      | 4454 ||| FLEEEEING.
  4455 | D:7      | 4455 ||| FLEEEEING.
  4456 | D:7      | 4456 ||| FLEEEEING.
  4457 | D:7      | 4457 ||| FLEEEEING.
  4458 | D:7      | 4458 ||| FLEEEEING.
  4473 | D:7      | 4473 ||| SWAPPING to +0 orcbow.
  4486 | D:7      | 4486 ||| DROPPING +2 shortbow of electrocution.
  4494 | D:7      | 4494 ||| READING scroll of enchant armour.
  4494 | D:7      | 4494 ||| ENCHANTING +1 pair of boots.
  4501 | D:7      | 4501 ||| READING scroll of enchant weapon.
  4501 | D:7      | 4501 ||| ENCHANTING +0 orcbow.
  4511 | D:7      | 4511 ||| INVOKING Heroism.
  4595 | D:7      | 4595 ||| RETREEAATING.
  4673 | D:7      | 4673 ||| INVOKING Heroism.
  4777 | D:7      | Found a broken altar of Ashenzari.
  4843 | D:7      | Noticed a gargoyle
  4854 | D:7      | 4854 ||| INVOKING Heroism.
  4861 | D:7      | Killed a gargoyle
  4862 | D:7      | Reached skill level 11 in Ranged Weapons
  4885 | D:7      | 4885 ||| FLEEEEING.
  4900 | D:7      | 4900 ||| INVOKING Heroism.
  4933 | D:7      | 4933 ||| INVOKING Heroism.
  5034 | D:7      | 5034 ||| INVOKING Heroism.
  5093 | D:7      | Reached XP level 10. HP: 64/64 MP: 13/13
  5229 | D:7      | 5229 ||| UPGRADING to +1 cloak.
  5252 | D:8      | Found Baceyff's Magic Scroll Shoppe.
  5255 | D:8      | 5255 ||| READING scroll of enchant weapon.
  5255 | D:8      | 5255 ||| ENCHANTING +1 orcbow.
  5264 | D:8      | 5264 ||| SHOPLISTING 2 scrolls of acquirement (1144 gold,
                  | have 439).
  5264 | D:8      | 5264 ||| BUYING scroll of enchant armour (82 gold).
  5264 | D:8      | Bought a scroll of enchant armour for 82 gold pieces
  5264 | D:8      | 5264 ||| BUYING scroll of enchant weapon (82 gold).
  5264 | D:8      | Bought a scroll of enchant weapon for 82 gold pieces
  5264 | D:8      | 5264 ||| BUYING scroll of identify (22 gold).
  5264 | D:8      | Bought a scroll of identify for 22 gold pieces
  5264 | D:8      | 5264 ||| BUYING scroll of identify (22 gold).
  5264 | D:8      | Bought a scroll of identify for 22 gold pieces
  5264 | D:8      | 5264 ||| BUYING scroll of identify (22 gold).
  5264 | D:8      | Bought a scroll of identify for 22 gold pieces
  5264 | D:8      | 5264 ||| BUYING scroll of identify (22 gold).
  5264 | D:8      | Bought a scroll of identify for 22 gold pieces
  5267 | D:8      | 5267 ||| READING scroll of enchant armour.
  5267 | D:8      | 5267 ||| ENCHANTING +1 cloak.
  5268 | D:8      | 5268 ||| READING scroll of enchant weapon.
  5268 | D:8      | 5268 ||| ENCHANTING +2 orcbow.
  5364 | D:8      | Reached ** piety under Okawaru
  5378 | D:8      | Reached skill level 12 in Ranged Weapons
  5420 | D:8      | 5420 ||| Stepping ~*~*~tactically~*~*~ (retreating).
  5425 | D:8      | 5425 ||| Stepping ~*~*~tactically~*~*~ (retreating).
  5433 | D:8      | 5433 ||| Stepping ~*~*~tactically~*~*~ (retreating).
  5434 | D:8      | 5434 ||| Stepping ~*~*~tactically~*~*~ (retreating).
  5435 | D:8      | 5435 ||| Stepping ~*~*~tactically~*~*~ (retreating).
  5436 | D:8      | 5436 ||| Stepping ~*~*~tactically~*~*~ (retreating).
  5559 | D:8      | Found a runed translucent door.
  5559 | D:8      | Noticed a sixfirhy
  5635 | D:8      | Reached *** piety under Okawaru
  5718 | D:8      | 5718 ||| READING 2 scrolls of brand weapon.
  5718 | D:8      | 5718 ||| BRANDING +3 orcbow.
  5719 | D:8      | 5719 ||| READING scroll of brand weapon.
  5719 | D:8      | 5719 ||| BRANDING +3 orcbow of chaos.
  5734 | D:8      | Found a glowing silver altar of Zin.
  5777 | D:8      | 5777 ||| INVOKING Heroism.
  5887 | D:8      | Found a runed translucent gate.
  5888 | D:8      | Found a runed translucent gate.
  5889 | D:8      | Found a runed translucent gate.
  5891 | D:8      | Noticed qwqw's ghost (novice DsBe)
  5891 | D:8      | Noticed a nine-headed hydra
  6024 | D:8      | 6024 ||| UPGRADING to +0 pair of gloves.
  6029 | D:8      | 6029 ||| DROPPING amulet of guardian spirit.
  6030 | D:8      | 6030 ||| READING 5 scrolls of identify.
  6030 | D:8      | 6030 ||| IDENTIFYING murky inky potion
  6031 | D:8      | 6031 ||| READING 4 scrolls of identify.
  6031 | D:8      | 6031 ||| IDENTIFYING cyan potion
  6032 | D:8      | 6032 ||| READING 3 scrolls of identify.
  6032 | D:8      | 6032 ||| IDENTIFYING bubbling silvery potion
  6033 | D:8      | 6033 ||| READING 2 scrolls of identify.
  6033 | D:8      | 6033 ||| IDENTIFYING orange potion
  6034 | D:8      | 6034 ||| DROPPING potion of degeneration.
  6057 | D:9      | Reached skill level 3 in Armour
  6075 | D:9      | 6075 ||| INVOKING Heroism.
  6097 | D:9      | Found a burning altar of Makhleb.
  6099 | D:9      | Noticed a green death
  6151 | D:9      | Found a glowing golden altar of the Shining One.
  6171 | D:9      | 6171 ||| RETREEAATING.
  6173 | D:9      | 6173 ||| STILL RETREEAATING.
  6175 | D:9      | Reached skill level 13 in Ranged Weapons
  6188 | D:9      | Reached skill level 9 in Fighting
  6188 | D:9      | Reached XP level 11. HP: 63/71 MP: 14/14
  6244 | D:9      | 6244 ||| INVOKING Heroism.
  6264 | D:9      | 6264 ||| INVOKING Heroism.
  6484 | D:9      | 6484 ||| INVOKING Heroism.
  6493 | D:9      | Noticed a cyclops
  6500 | D:9      | Killed a cyclops
  6574 | D:9      | 6574 ||| INVOKING Heroism.
  6844 | D:10     | Entered Level 10 of the Dungeon
  6860 | D:10     | Noticed a two-headed ogre
  6861 | D:10     | 6861 ||| INVOKING Heroism.
  6864 | D:10     | Killed a two-headed ogre
  6864 | D:10     | Reached **** piety under Okawaru
  6865 | D:10     | Reached skill level 14 in Ranged Weapons
  6945 | D:10     | 6945 ||| INVOKING Heroism.
  7005 | D:10     | Noticed Erica
  7006 | D:10     | 7006 ||| RETREEAATING.
  7007 | D:10     | 7007 ||| STILL RETREEAATING.
  7008 | D:10     | 7008 ||| STILL RETREEAATING.
  7009 | D:10     | 7009 ||| STILL RETREEAATING.
  7010 | D:10     | 7010 ||| STILL RETREEAATING.
  7024 | D:10     | Killed Erica
  7068 | D:10     | 7068 ||| INVOKING Heroism.
  7082 | D:10     | Found a basalt altar of Yredelemnul.
  7115 | D:10     | Noticed Amaemon
  7116 | D:10     | 7116 ||| RETREEAATING.
  7117 | D:10     | 7117 ||| INVOKING Heroism.
  7124 | D:10     | 7124 ||| Stepping ~*~*~tactically~*~*~ (retreating).
  7125 | D:10     | 7125 ||| Stepping ~*~*~tactically~*~*~ (retreating).
  7131 | D:10     | Killed Amaemon
  7131 | D:10     | Reached ***** piety under Okawaru
  7132 | D:10     | Reached skill level 6 in Invocations
  7214 | D:10     | 7214 ||| FLEEEEING.
  7215 | D:10     | 7215 ||| FLEEEEING.
  7216 | D:10     | 7216 ||| FLEEEEING.
  7217 | D:10     | 7217 ||| FLEEEEING.
  7218 | D:10     | 7218 ||| FLEEEEING.
  7219 | D:10     | 7219 ||| FLEEEEING.
  7220 | D:10     | 7220 ||| FLEEEEING.
  7367 | D:10     | Noticed Harold
  7369 | D:10     | 7369 ||| INVOKING Heroism.
  7378 | D:10     | Killed Harold
  7379 | D:10     | Reached XP level 12. HP: 71/77 MP: 15/17
  7522 | D:10     | Noticed Gastronok
  7523 | D:10     | 7523 ||| INVOKING Heroism.
  7534 | D:10     | Killed Gastronok
  7780 | D:10     | Found a shimmering blue altar of Sif Muna.
  7820 | D:10     | 7820 ||| UPGRADING to +0 troll leather armour.
  7830 | D:10     | 7830 ||| DROPPING +3 leather armour.
  7831 | D:10     | 7831 ||| UPGRADING to +1 hat.
  7836 | D:10     | 7836 ||| READING 3 scrolls of identify.
  7836 | D:10     | 7836 ||| IDENTIFYING fizzy dark potion
  7837 | D:10     | 7837 ||| READING 2 scrolls of identify.
  7837 | D:10     | 7837 ||| IDENTIFYING fuming dark potion
  7838 | D:10     | 7838 ||| DROPPING potion of invisibility.
  7899 | D:11     | Noticed a boulder beetle
  7900 | D:11     | 7900 ||| INVOKING Heroism.
  7901 | D:11     | 7901 ||| INVOKING Finesse.
  7916 | D:11     | Killed a boulder beetle
  7917 | D:11     | Reached skill level 15 in Ranged Weapons
  7950 | D:11     | Identified the +4 ring mail "Vamapno" {rElec Int+3 Slay+3}
  7991 | D:11     | Noticed a fire dragon
  8067 | D:11     | 8067 ||| RETREEAATING.
  8069 | D:11     | 8069 ||| Stepping ~*~*~tactically~*~*~ (retreating).
  8077 | D:11     | 8077 ||| Stepping ~*~*~tactically~*~*~ (retreating).
  8173 | D:11     | Reached skill level 9 in Invocations
  8183 | D:11     | 8183 ||| Stepping randomly (disturbance).
  8184 | D:11     | 8184 ||| Stepping randomly (disturbance).
  8202 | D:11     | Received a gift from Okawaru
  8359 | D:11     | Found a staircase to the Orcish Mines.
  8457 | D:11     | Noticed a boulder beetle
  8498 | D:11     | Noticed a boulder beetle
  8499 | D:11     | 8499 ||| INVOKING Heroism.
  8500 | D:11     | 8500 ||| INVOKING Finesse.
  8509 | D:11     | Killed a boulder beetle
  8660 | D:11     | Found a transporter.
  8660 | D:11     | Found a transporter.
  8712 | D:11     | Found a staircase to the Lair.
  8772 | D:11     | 8772 ||| PLANNING LAIR
  8772 | D:11     | 8772 ||| DROPPING +0 robe of fire resistance.
  8773 | D:11     | 8773 ||| UPGRADING to +4 ring mail "Vamapno" {rElec Int+3
                  | Slay+3}.
  8783 | D:11     | 8783 ||| DROPPING +0 troll leather armour.
  8841 | Lair:1   | Entered Level 1 of the Lair of Beasts
  9034 | Lair:1   | 9034 ||| INVOKING Heroism.
  9553 | Lair:1   | 9553 ||| READING 3 scrolls of identify.
  9553 | Lair:1   | 9553 ||| IDENTIFYING viscous sapphire potion
  9554 | Lair:1   | 9554 ||| DROPPING potion of attraction.
  9589 | Lair:2   | Noticed a five-headed hydra
  9590 | Lair:2   | 9590 ||| INVOKING Heroism.
  9591 | Lair:2   | 9591 ||| STAIRDANCE
  9607 | Lair:2   | 9607 ||| STAIRDANCE
  9609 | Lair:1   | 9609 ||| Stepping ~*~*~tactically~*~*~ (retreating).
  9610 | Lair:1   | 9610 ||| Stepping ~*~*~tactically~*~*~ (retreating).
  9611 | Lair:1   | 9611 ||| Stepping ~*~*~tactically~*~*~ (retreating).
  9613 | Lair:1   | Killed a five-headed hydra
  9735 | Lair:2   | 9735 ||| INVOKING Heroism.
  9813 | Lair:2   | Reached skill level 6 in Armour
 10105 | Lair:2   | 10105 ||| INVOKING Heroism.
 10107 | Lair:2   | 10107 ||| RETREEAATING.
 10108 | Lair:2   | 10108 ||| STILL RETREEAATING.
 10112 | Lair:2   | 10112 ||| Stepping ~*~*~tactically~*~*~ (retreating).
 10114 | Lair:2   | 10114 ||| RETREEAATING.
 10115 | Lair:2   | 10115 ||| STILL RETREEAATING.
 10116 | Lair:2   | 10116 ||| STILL RETREEAATING.
 10117 | Lair:2   | 10117 ||| STILL RETREEAATING.
 10118 | Lair:2   | 10118 ||| STILL RETREEAATING.
 10199 | Lair:2   | 10199 ||| INVOKING Heroism.
 10291 | Lair:2   | 10291 ||| INVOKING Heroism.
 10292 | Lair:2   | 10292 ||| RETREEAATING.
 10299 | Lair:2   | Reached XP level 13. HP: 82/82 MP: 18/20
 10315 | Lair:2   | 10315 ||| READING scroll of enchant armour.
 10315 | Lair:2   | 10315 ||| ENCHANTING +0 pair of gloves.
 10508 | Lair:2   | 10508 ||| DROPPING +2 cloak.
 10544 | Lair:3   | 10544 ||| RETREEAATING.
 10545 | Lair:3   | 10545 ||| STILL RETREEAATING.
 10546 | Lair:3   | 10546 ||| STILL RETREEAATING.
 10548 | Lair:3   | 10548 ||| STILL RETREEAATING.
 10549 | Lair:3   | 10549 ||| STILL RETREEAATING.
 10556 | Lair:3   | 10556 ||| Stepping ~*~*~tactically~*~*~ (retreating).
 10573 | Lair:3   | Received a gift from Okawaru
 10574 | Lair:3   | Reached skill level 16 in Ranged Weapons
 10590 | Lair:3   | 10590 ||| FLEEEEING.
 10594 | Lair:3   | 10594 ||| STAIRDANCE
 10809 | Lair:3   | 10809 ||| RETREEAATING.
 10810 | Lair:3   | 10810 ||| Stepping ~*~*~tactically~*~*~ (retreating).
 10824 | Lair:3   | 10824 ||| INVOKING Heroism.
 10866 | Lair:3   | 10866 ||| READING scroll of enchant weapon.
 10866 | Lair:3   | 10866 ||| ENCHANTING +3 heavy orcbow.
 10897 | Lair:3   | Found a staircase to the Snake Pit.
 10925 | Lair:3   | Found a staircase to the Shoals.
 11162 | Lair:3   | Found a dark tunnel.
 11208 | Lair:3   | 11208 ||| DROPPING scarf of harm.
 11209 | Lair:3   | 11209 ||| READING scroll labelled HYESIC KO KUBBIN.
 11244 | Lair:4   | 11244 ||| PLANNING GAUNTLET
 11321 | Lair:4   | Found a gate leading to a gauntlet.
 11333 | Gauntlet | Entered a Gauntlet
 11333 | Gauntlet | Found a transporter.
 11333 | Gauntlet | Found a transporter.
 11333 | Gauntlet | Found a transporter.
 11337 | Gauntlet | Found a transporter.
 11338 | Gauntlet | Found a transporter.
 11349 | Gauntlet | Found a transporter.
 11351 | Gauntlet | Found a transporter.
 11361 | Gauntlet | Found a transporter.
 11451 | Gauntlet | Found a transporter.
 11451 | Gauntlet | Found the ring of the Hare {EV+10}
 11465 | Gauntlet | Found a transporter.
 11465 | Gauntlet | Found a transporter.
 11471 | Gauntlet | Noticed a blizzard demon
 11475 | Gauntlet | Found a transporter.
 11521 | Gauntlet | 11521 ||| Stepping randomly (stuck).
 11522 | Gauntlet | 11522 ||| Stepping randomly (stuck).
 11528 | Gauntlet | 11528 ||| INVOKING Heroism.
 11565 | Gauntlet | 11565 ||| UPGRADING to ring of the Hare {EV+10}.
 11572 | Gauntlet | 11572 ||| Stepping ~*~*~tactically~*~*~ (retreating).
 11574 | Gauntlet | 11574 ||| Stepping ~*~*~tactically~*~*~ (retreating).
 11575 | Gauntlet | 11575 ||| INVOKING Heroism.
 11577 | Gauntlet | HP: 19/84 [something (15)]
 11578 | Gauntlet | 11578 ||| DRINKING 2 potions of heal wounds.
 11580 | Gauntlet | 11580 ||| Stepping ~*~*~tactically~*~*~ (retreating).
 11631 | Gauntlet | Identified the ring "Keanarcho" {rN+ Will- Str+5 Int+3
                  | Slay+2}
 11641 | Gauntlet | 11641 ||| DROPPING ring "Keanarcho" {rN+ Will- Str+5 Int+3
                  | Slay+2}.
 11642 | Gauntlet | 11642 ||| READING scroll labelled IMACWOPRAVVE.
 11665 | Gauntlet | Killed a blizzard demon
 11676 | Gauntlet | Identified the +4 giant club of Indomitability {drain,
                  | +Blink rC+ Int+4 Stlth-}
 11682 | Gauntlet | 11682 ||| DROPPING +0 pair of gloves of strength.
 11697 | Gauntlet | Noticed a minotaur
 11698 | Gauntlet | 11698 ||| INVOKING Heroism.
 11699 | Gauntlet | 11699 ||| INVOKING Finesse.
 11713 | Gauntlet | Killed a minotaur
 11714 | Gauntlet | Reached skill level 12 in Fighting
 11751 | Gauntlet | Identified the ring of Maro Ank {Wiz rF- Will+ Int+2}
 11784 | Gauntlet | 11784 ||| UPGRADING to amulet of faith.
 11794 | Gauntlet | 11794 ||| DROPPING ring of Maro Ank {Wiz rF- Will+ Int+2}.
 11795 | Gauntlet | 11795 ||| DROPPING ring of ice.
 11802 | Lair:4   | 11802 ||| PLANNING LAIR
 11954 | Lair:4   | 11954 ||| INVOKING Heroism.
 12162 | Lair:4   | 12162 ||| READING scroll of enchant weapon.
 12162 | Lair:4   | 12162 ||| ENCHANTING +4 heavy orcbow.
 12428 | Lair:4   | 12428 ||| UPGRADING to scarf of repulsion.
 12438 | Lair:4   | 12438 ||| DROPPING scarf of harm.
 12439 | Lair:4   | 12439 ||| UPGRADING to +0 helmet.
 12449 | Lair:4   | 12449 ||| DROPPING +1 hat.
 12472 | Lair:5   | Entered Level 5 of the Lair of Beasts
 12473 | Lair:5   | 12473 ||| INVOKING Heroism.
 12477 | Lair:5   | 12477 ||| STAIRDANCE
 12508 | Lair:5   | 12508 ||| INVOKING Heroism.
 12516 | Lair:5   | Reached skill level 6 in Dodging
 12522 | Lair:5   | 12522 ||| Stepping ~*~*~tactically~*~*~ (retreating).
 12523 | Lair:5   | 12523 ||| Stepping ~*~*~tactically~*~*~ (retreating).
 12527 | Lair:5   | 12527 ||| Stepping ~*~*~tactically~*~*~ (retreating).
 12528 | Lair:5   | 12528 ||| Stepping ~*~*~tactically~*~*~ (retreating).
 12529 | Lair:5   | 12529 ||| Stepping ~*~*~tactically~*~*~ (retreating).
 12530 | Lair:5   | 12530 ||| Stepping ~*~*~tactically~*~*~ (retreating).
 12532 | Lair:5   | Received a gift from Okawaru
 12564 | Lair:5   | 12564 ||| INVOKING Heroism.
 12736 | Lair:5   | 12736 ||| RETREEAATING.
 12737 | Lair:5   | 12737 ||| Stepping ~*~*~tactically~*~*~ (retreating).
 12760 | Lair:5   | Gained mutation: Your large and strong wings let you fly.
                  | [Gargoyle growth]
 12760 | Lair:5   | Reached XP level 14. HP: 94/94 MP: 21/21
 12821 | Lair:5   | 12821 ||| INVOKING Heroism.
 12835 | Lair:5   | Found a staircase to the Slime Pits.
 12851 | Lair:5   | 12851 ||| INVOKING Heroism.
 12852 | Lair:5   | 12852 ||| INVOKING Finesse.
 12853 | Lair:5   | 12853 ||| RETREEAATING.
 12957 | Lair:5   | Received a gift from Okawaru
 12971 | Lair:5   | 12971 ||| INVOKING Heroism.
 12989 | Lair:5   | 12989 ||| Stepping ~*~*~tactically~*~*~ (retreating).
 13005 | Lair:5   | Reached skill level 9 in Armour
 13015 | Lair:5   | 13015 ||| INVOKING Heroism.
 13196 | Lair:5   | 13196 ||| RETREEAATING.
 13197 | Lair:5   | 13197 ||| STILL RETREEAATING.
 13199 | Lair:5   | 13199 ||| STILL RETREEAATING.
 13200 | Lair:5   | 13200 ||| STILL RETREEAATING.
 13339 | Lair:5   | Found the ring of the Tortoise {AC+8}
 13522 | Lair:5   | 13522 ||| RETREEAATING.
 13523 | Lair:5   | 13523 ||| STILL RETREEAATING.
 13524 | Lair:5   | 13524 ||| STILL RETREEAATING.
 13525 | Lair:5   | 13525 ||| STILL RETREEAATING.
 13526 | Lair:5   | 13526 ||| STILL RETREEAATING.
 13528 | Lair:5   | 13528 ||| STILL RETREEAATING.
 13529 | Lair:5   | 13529 ||| STILL RETREEAATING.
 13530 | Lair:5   | 13530 ||| STILL RETREEAATING.
 13531 | Lair:5   | 13531 ||| STILL RETREEAATING.
 13532 | Lair:5   | 13532 ||| STILL RETREEAATING.
 13533 | Lair:5   | 13533 ||| STILL RETREEAATING.
 13534 | Lair:5   | 13534 ||| STILL RETREEAATING.
 13535 | Lair:5   | 13535 ||| STILL RETREEAATING.
 13536 | Lair:5   | 13536 ||| STILL RETREEAATING.
 13540 | Lair:5   | 13540 ||| RETREEAATING.
 13541 | Lair:5   | 13541 ||| Stepping ~*~*~tactically~*~*~ (retreating).
 13543 | Lair:5   | 13543 ||| Stepping ~*~*~tactically~*~*~ (retreating).
 13544 | Lair:5   | 13544 ||| Stepping ~*~*~tactically~*~*~ (retreating).
 13545 | Lair:5   | 13545 ||| Stepping ~*~*~tactically~*~*~ (retreating).
 13546 | Lair:5   | 13546 ||| Stepping ~*~*~tactically~*~*~ (retreating).
 13560 | Lair:5   | Received a gift from Okawaru
 13564 | Lair:5   | Reached skill level 15 in Fighting
 13840 | Lair:5   | 13840 ||| INVOKING Heroism.
 13841 | Lair:5   | 13841 ||| INVOKING Finesse.
 13908 | Lair:5   | 13908 ||| Stepping ~*~*~tactically~*~*~ (cloud).
 13913 | Lair:5   | 13913 ||| Stepping ~*~*~tactically~*~*~ (cloud).
 13945 | Lair:5   | 13945 ||| INVOKING Heroism.
 13946 | Lair:5   | 13946 ||| INVOKING Finesse.
 14065 | Lair:5   | 14065 ||| PLANNING D
 14065 | Lair:5   | 14065 ||| UPGRADING to ring of the Tortoise {AC+8}.
 14067 | Lair:5   | 14067 ||| DROPPING +5 ring of evasion.
 14068 | Lair:5   | 14068 ||| READING 7 scrolls of identify.
 14068 | Lair:5   | 14068 ||| IDENTIFYING bubbling cyan potion
 14256 | D:12     | Found a transporter.
 14264 | D:12     | Found a transporter.
 14594 | D:12     | Noticed Hiocolosaf's ghost (journeyman GrFi)
 14910 | D:13     | 14910 ||| RETREEAATING.
 14912 | D:13     | 14912 ||| Stepping ~*~*~tactically~*~*~ (retreating).
 14916 | D:13     | 14916 ||| Stepping ~*~*~tactically~*~*~ (retreating).
 14917 | D:13     | 14917 ||| INVOKING Heroism.
 14921 | D:13     | 14921 ||| Stepping ~*~*~tactically~*~*~ (retreating).
 15023 | D:13     | 15023 ||| INVOKING Heroism.
 15026 | D:13     | 15026 ||| Stepping ~*~*~tactically~*~*~ (retreating).
 15043 | D:13     | Reached XP level 15. HP: 100/104 MP: 22/22
 15071 | D:13     | 15071 ||| INVOKING Heroism.
 15072 | D:13     | 15072 ||| READING 7 scrolls of teleportation.
 15134 | D:13     | 15134 ||| FLEEEEING.
 15135 | D:13     | 15135 ||| FLEEEEING.
 15136 | D:13     | 15136 ||| FLEEEEING.
 15137 | D:13     | 15137 ||| FLEEEEING.
 15291 | D:13     | 15291 ||| INVOKING Heroism.
 15294 | D:13     | 15294 ||| READING 6 scrolls of teleportation.
 15329 | D:13     | Received a gift from Okawaru
 15414 | D:13     | 15414 ||| RETREEAATING.
 15416 | D:13     | 15416 ||| RETREEAATING.
 15419 | D:13     | 15419 ||| INVOKING Heroism.
 15420 | D:13     | 15420 ||| READING 5 scrolls of teleportation.
 15422 | D:13     | 15422 ||| Stepping ~*~*~tactically~*~*~ (retreating).
 15550 | D:13     | 15550 ||| RETREEAATING.
 15552 | D:13     | 15552 ||| STILL RETREEAATING.
 15554 | D:13     | 15554 ||| INVOKING Heroism.
 15555 | D:13     | 15555 ||| READING 4 scrolls of teleportation.
 15644 | D:13     | 15644 ||| DROPPING +2 pair of boots.
 15645 | D:13     | 15645 ||| DROPPING +1 pair of boots.
 15646 | D:13     | 15646 ||| DROPPING amulet of the acrobat.
 15675 | D:13     | 15675 ||| INVOKING Heroism.
 15690 | D:14     | 15690 ||| STAIRDANCE
 15735 | D:14     | Noticed Agnes
 15736 | D:14     | 15736 ||| STAIRDANCE
 15738 | D:13     | 15738 ||| Stepping ~*~*~tactically~*~*~ (retreating).
 15739 | D:13     | 15739 ||| Stepping ~*~*~tactically~*~*~ (retreating).
 15740 | D:13     | 15740 ||| Stepping ~*~*~tactically~*~*~ (retreating).
 15741 | D:13     | 15741 ||| Stepping ~*~*~tactically~*~*~ (retreating).
 15742 | D:13     | 15742 ||| Stepping ~*~*~tactically~*~*~ (retreating).
 15743 | D:13     | 15743 ||| INVOKING Heroism.
 15924 | D:14     | 15924 ||| STAIRDANCE
 15926 | D:13     | 15926 ||| INVOKING Heroism.
 15931 | D:13     | HP: 20/104 [acid (8)]
 15932 | D:13     | 15932 ||| READING 4 scrolls of teleportation.
 15933 | D:13     | 15933 ||| DRINKING potion of heal wounds.
 16108 | D:13     | 16108 ||| INVOKING Heroism.
 16116 | D:13     | Killed Agnes
 16316 | D:13     | 16316 ||| RETREEAATING.
 16320 | D:13     | Reached skill level 9 in Dodging
 16461 | D:14     | Identified the +2 war axe "Beastbane" {freeze, Dex+6}
 16734 | D:14     | 16734 ||| INVOKING Heroism.
 16735 | D:14     | 16735 ||| INVOKING Finesse.
 16741 | D:14     | 16741 ||| Stepping randomly (disturbance).
 16790 | D:14     | Found a gate to the Vaults.
 16898 | D:14     | 16898 ||| RETREEAATING.
 16901 | D:14     | 16901 ||| RETREEAATING.
 16907 | D:14     | 16907 ||| INVOKING Heroism.
 16933 | D:14     | 16933 ||| RETREEAATING.
 16937 | D:14     | 16937 ||| RETREEAATING.
 16941 | D:14     | 16941 ||| Stepping ~*~*~tactically~*~*~ (retreating).
 16942 | D:14     | 16942 ||| Stepping ~*~*~tactically~*~*~ (retreating).
 16943 | D:14     | 16943 ||| Stepping ~*~*~tactically~*~*~ (retreating).
 16944 | D:14     | 16944 ||| Stepping ~*~*~tactically~*~*~ (retreating).
 16945 | D:14     | 16945 ||| Stepping ~*~*~tactically~*~*~ (retreating).
 16946 | D:14     | 16946 ||| STILL RETREEAATING.
 16949 | D:14     | Received a gift from Okawaru
 16950 | D:14     | 16950 ||| INVOKING Heroism.
 17050 | D:14     | 17050 ||| Stepping ~*~*~tactically~*~*~ (retreating).
 17212 | D:14     | 17212 ||| DROPPING +1 ring mail of cold resistance.
 17213 | D:14     | 17213 ||| READING 7 scrolls of identify.
 17213 | D:14     | 17213 ||| IDENTIFYING bubbling inky potion
 17214 | D:14     | 17214 ||| DROPPING potion of brilliance.
 17230 | D:15     | Entered Level 15 of the Dungeon
 17252 | D:15     | 17252 ||| INVOKING Heroism.
 17319 | D:15     | 17319 ||| RETREEAATING.
 17321 | D:15     | 17321 ||| RETREEAATING.
 17323 | D:15     | 17323 ||| Stepping ~*~*~tactically~*~*~ (retreating).
 17443 | D:15     | 17443 ||| RETREEAATING.
 17444 | D:15     | 17444 ||| INVOKING Heroism.
 17454 | D:15     | 17454 ||| Stepping ~*~*~tactically~*~*~ (retreating).
 17608 | D:15     | 17608 ||| RETREEAATING.
 17610 | D:15     | Received a gift from Okawaru
 17611 | D:15     | 17611 ||| INVOKING Heroism.
 17617 | Abyss:3  | Cast into level 3 of the Abyss (a wizard)
 17752 | Abyss:3  | Reached skill level 18 in Fighting
 17754 | Abyss:3  | Found a corrupted altar of Lugonu.
 17761 | D:15     | Escaped the Abyss
 17763 | D:15     | 17763 ||| Stepping ~*~*~tactically~*~*~ (retreating).
 17881 | D:15     | Found a staircase to the Depths.
 17966 | D:15     | Found Waletuog's Magic Scroll Emporium.
 18009 | D:15     | 18009 ||| BUYING scroll of teleportation (42 gold).
 18009 | D:15     | Bought a scroll of teleportation for 42 gold pieces
 18009 | D:15     | 18009 ||| BUYING scroll of teleportation (42 gold).
 18009 | D:15     | Bought a scroll of teleportation for 42 gold pieces
 18262 | D:15     | 18262 ||| PLANNING ORC
 18367 | Orc:1    | Entered Level 1 of the Orcish Mines
 18372 | Orc:1    | 18372 ||| STAIRDANCE
 18377 | Orc:1    | 18377 ||| STAIRDANCE
 18390 | Orc:1    | 18390 ||| STAIRDANCE
 18398 | Orc:1    | 18398 ||| STAIRDANCE
 18434 | Orc:1    | 18434 ||| STAIRDANCE
 18491 | Orc:1    | 18491 ||| STAIRDANCE
 18548 | Orc:1    | 18548 ||| STAIRDANCE
 18555 | Orc:1    | 18555 ||| INVOKING Heroism.
 18556 | Orc:1    | 18556 ||| STAIRDANCE
 18568 | Orc:1    | 18568 ||| STAIRDANCE
 18673 | Orc:1    | Paralysed by an orc sorcerer for 2 turns
 18675 | Orc:1    | 18675 ||| STAIRDANCE
 18677 | D:11     | 18677 ||| INVOKING Heroism.
 18679 | D:11     | Reached XP level 16. HP: 76/114 MP: 20/23
 18777 | Orc:1    | 18777 ||| INVOKING Heroism.
 18778 | Orc:1    | 18778 ||| STAIRDANCE
 18792 | Orc:1    | Paralysed by an orc sorcerer for 4 turns
 18797 | Orc:1    | 18797 ||| STAIRDANCE
 18892 | Orc:1    | Noticed Sonja
 18893 | Orc:1    | 18893 ||| INVOKING Finesse.
 18897 | Orc:1    | 18897 ||| DRINKING 6 potions of curing.
 18897 | Orc:1    | 18897 ||| (to cure confusion)
 18902 | Orc:1    | Killed Sonja
 18933 | Orc:1    | Noticed Jorgrun
 18934 | Orc:1    | 18934 ||| INVOKING Heroism.
 18942 | Orc:1    | Killed Jorgrun
 19046 | Orc:1    | Noticed Nergalle
 19048 | Orc:1    | Killed Nergalle
 19316 | Orc:2    | Entered Level 2 of the Orcish Mines
 19319 | Orc:2    | 19319 ||| STAIRDANCE
 19359 | Orc:2    | 19359 ||| STAIRDANCE
 19403 | Orc:2    | 19403 ||| INVOKING Heroism.
 19407 | Orc:2    | 19407 ||| INVOKING Finesse.
 19416 | Orc:2    | 19416 ||| Stepping ~*~*~tactically~*~*~ (retreating).
 19417 | Orc:2    | 19417 ||| Stepping ~*~*~tactically~*~*~ (retreating).
 19418 | Orc:2    | 19418 ||| Stepping ~*~*~tactically~*~*~ (retreating).
 19419 | Orc:2    | 19419 ||| Stepping ~*~*~tactically~*~*~ (retreating).
 19420 | Orc:2    | 19420 ||| Stepping ~*~*~tactically~*~*~ (retreating).
 19421 | Orc:2    | 19421 ||| Stepping ~*~*~tactically~*~*~ (retreating).
 19422 | Orc:2    | 19422 ||| STAIRDANCE
 19497 | Orc:2    | 19497 ||| STAIRDANCE
 19504 | Orc:2    | 19504 ||| INVOKING Heroism.
 19505 | Orc:2    | 19505 ||| STAIRDANCE
 19519 | Orc:2    | Paralysed by an orc sorcerer for 2 turns
 19650 | Orc:2    | 19650 ||| INVOKING Heroism.
 19689 | Orc:2    | Found a staircase to the Elven Halls.
 19716 | Orc:2    | 19716 ||| INVOKING Heroism.
 19748 | Orc:2    | 19748 ||| INVOKING Heroism.
 19753 | Orc:2    | 19753 ||| RETREEAATING.
 19756 | Orc:2    | 19756 ||| Stepping ~*~*~tactically~*~*~ (retreating).
 19757 | Orc:2    | 19757 ||| Stepping ~*~*~tactically~*~*~ (retreating).
 19760 | Orc:2    | 19760 ||| Stepping ~*~*~tactically~*~*~ (retreating).
 19868 | Orc:2    | 19868 ||| INVOKING Heroism.
 19969 | Orc:2    | 19969 ||| INVOKING Heroism.
 20012 | Orc:2    | Found Gexubok's Mayhem Merchandise.
 20028 | Orc:2    | 20028 ||| INVOKING Heroism.
 20102 | Orc:2    | Noticed Blork the orc
 20103 | Orc:2    | 20103 ||| INVOKING Heroism.
 20105 | Orc:2    | 20105 ||| RETREEAATING.
 20106 | Orc:2    | 20106 ||| Stepping ~*~*~tactically~*~*~ (retreating).
 20107 | Orc:2    | 20107 ||| Stepping ~*~*~tactically~*~*~ (retreating).
 20108 | Orc:2    | 20108 ||| Stepping ~*~*~tactically~*~*~ (retreating).
 20109 | Orc:2    | 20109 ||| Stepping ~*~*~tactically~*~*~ (retreating).
 20110 | Orc:2    | 20110 ||| Stepping ~*~*~tactically~*~*~ (retreating).
 20118 | Orc:2    | Killed Blork the orc
 20231 | Orc:2    | Found Liklaome's Jewellery Emporium.
 20238 | Orc:2    | 20238 ||| BUYING brooch of Shielding {Spirit SH+8} (975
                  | gold).
 20238 | Orc:2    | Bought the brooch of Shielding {Spirit SH+8} for 975 gold
                  | pieces
 20238 | Orc:2    | Found the brooch of Shielding {Spirit SH+8}
 20238 | Orc:2    | 20238 ||| BUYING ring of Gozag's Scorn {rF+ Will+ Str+3
                  | Slay+3 Stlth+} (910 gold).
 20238 | Orc:2    | Bought the ring of Gozag's Scorn {rF+ Will+ Str+3 Slay+3
                  | Stlth+} for 910 gold pieces
 20250 | Orc:2    | Noticed Nessos
 20253 | Orc:2    | Killed Nessos
 20260 | Orc:2    | 20260 ||| SWAPPING to +1 longbow of flaming.
 20261 | Orc:2    | 20261 ||| DROPPING +5 heavy orcbow.
 20356 | Orc:2    | Found Kirphaell's Antique Weapon Emporium.
 20363 | Orc:2    | 20363 ||| SHOPLISTING +27 heavy crossbow "Sniper" {heavy,
                  | Acc+∞ SInv} (1760 gold, have 81).
 20372 | Orc:2    | Found Xemabb's General Store.
 20379 | Orc:2    | 20379 ||| BUYING scroll of teleportation (33 gold).
 20379 | Orc:2    | Bought a scroll of teleportation for 33 gold pieces
 20387 | Orc:2    | Found Caxakad's Antique Armour Emporium.
 20454 | Orc:2    | 20454 ||| PLANNING SNAKE:1-3
 20454 | Orc:2    | 20454 ||| DROPPING amulet of regeneration.
 20455 | Orc:2    | 20455 ||| UPGRADING to ring of Gozag's Scorn {rF+ Will+
                  | Str+3 Slay+3 Stlth+}.
 20618 | Snake:1  | Entered Level 1 of the Snake Pit
 20783 | Snake:1  | 20783 ||| Stepping ~*~*~tactically~*~*~ (retreating).
 21092 | Snake:1  | Received a gift from Okawaru
 21135 | Snake:1  | Found Hadoxiz's Assorted Antiques.
 21144 | Snake:1  | 21144 ||| SHOPLISTING bone ring (165 gold, have 99).
 21144 | Snake:1  | 21144 ||| SHOPLISTING dyed leather armour (165 gold, have
                  | 99).
 21144 | Snake:1  | 21144 ||| BUYING ruby potion (29 gold).
 21144 | Snake:1  | Bought a ruby potion for 29 gold pieces
 21144 | Snake:1  | 21144 ||| SHOPLISTING scroll of teleportation (99 gold,
                  | have 70).
 21181 | Snake:1  | Noticed Aizul
 21182 | Snake:1  | 21182 ||| INVOKING Heroism.
 21183 | Snake:1  | 21183 ||| INVOKING Finesse.
 21188 | Snake:1  | Killed Aizul
 21488 | Snake:1  | You are sucked into a shaft and drop 1 floor!
 21520 | Snake:2  | 21520 ||| READING 7 scrolls of identify.
 21520 | Snake:2  | 21520 ||| IDENTIFYING ruby potion
 21528 | Snake:2  | 21528 ||| INVOKING Heroism.
 21541 | Snake:2  | Reached skill level 17 in Ranged Weapons
 21642 | Snake:1  | 21642 ||| INVOKING Heroism.
 21758 | Snake:2  | Noticed Nikola
 21759 | Snake:2  | 21759 ||| INVOKING Heroism.
 21760 | Snake:2  | 21760 ||| STAIRDANCE
 21774 | Snake:2  | 21774 ||| STAIRDANCE
 21781 | Snake:2  | 21781 ||| STAIRDANCE
 21789 | Snake:2  | 21789 ||| STAIRDANCE
 21822 | Snake:2  | 21822 ||| INVOKING Heroism.
 21836 | Snake:2  | Killed Nikola
 21858 | Snake:2  | 21858 ||| INVOKING Heroism.
 21876 | Snake:2  | Noticed Vashnia
 21886 | Snake:2  | 21886 ||| RETREEAATING.
 21887 | Snake:2  | 21887 ||| STILL RETREEAATING.
 21888 | Snake:2  | 21888 ||| STILL RETREEAATING.
 21889 | Snake:2  | 21889 ||| STILL RETREEAATING.
 21889 | Snake:2  | HP: 29/116 [naga sharpshooter/arrow[Vashnia] (5)]
 21890 | Snake:2  | 21890 ||| READING 11 scrolls of teleportation.
 21891 | Snake:2  | 21891 ||| DRINKING potion of heal wounds.
 21981 | Snake:2  | 21981 ||| INVOKING Heroism.
 22022 | Snake:2  | 22022 ||| INVOKING Heroism.
 22030 | Snake:2  | HP: 26/116 [Vashnia/arrow (11)]
 22031 | Snake:2  | 22031 ||| READING 10 scrolls of teleportation.
 22032 | Snake:2  | Killed Vashnia
 22038 | Snake:2  | 22038 ||| READING 9 scrolls of teleportation.
 22038 | Snake:2  | HP: 26/116 [naga sharpshooter/arrow[Vashnia] (3)]
 22040 | Snake:2  | HP: 3/116 [naga sharpshooter/arrow[Vashnia] (23)]
 22041 | Snake:2  | Reached skill level 18 in Ranged Weapons
 22335 | Snake:2  | 22335 ||| READING scroll of brand weapon.
 22335 | Snake:2  | 22335 ||| BRANDING +1 longbow of flaming.
 22336 | Snake:2  | 22336 ||| INVOKING Heroism.
 22436 | Snake:2  | Found a hide-covered altar of Uskayaw.
 22678 | Snake:3  | 22678 ||| RETREEAATING.
 22694 | Snake:3  | Reached XP level 17. HP: 120/120 MP: 24/24
 22710 | Snake:3  | 22710 ||| RETREEAATING.
 22968 | Snake:3  | 22968 ||| RETREEAATING.
 22969 | Snake:3  | 22969 ||| STILL RETREEAATING.
 22970 | Snake:3  | 22970 ||| STILL RETREEAATING.
 22972 | Snake:3  | 22972 ||| STILL RETREEAATING.
 22973 | Snake:3  | 22973 ||| STILL RETREEAATING.
 22976 | Snake:3  | 22976 ||| Stepping ~*~*~tactically~*~*~ (retreating).
 22978 | Snake:3  | 22978 ||| Stepping ~*~*~tactically~*~*~ (retreating).
 22979 | Snake:3  | 22979 ||| Stepping ~*~*~tactically~*~*~ (retreating).
 22981 | Snake:3  | 22981 ||| Stepping ~*~*~tactically~*~*~ (retreating).
 23018 | Snake:3  | 23018 ||| Stepping ~*~*~tactically~*~*~ (retreating).
 23020 | Snake:3  | 23020 ||| Stepping ~*~*~tactically~*~*~ (retreating).
 23023 | Snake:3  | 23023 ||| RETREEAATING.
 23079 | Snake:3  | Found a sparkling altar of Nemelex Xobeh.
 23124 | Snake:3  | Reached skill level 19 in Ranged Weapons
 23166 | Snake:3  | 23166 ||| INVOKING Heroism.
 23371 | Snake:3  | 23371 ||| PLANNING SHOALS:1-3
 23477 | Shoals:1 | Entered Level 1 of the Shoals
 23482 | Shoals:1 | 23482 ||| INVOKING Heroism.
 23483 | Shoals:1 | Noticed Kirke
 23499 | Shoals:1 | Noticed a sphinx
 23500 | Shoals:1 | 23500 ||| PLANNING SHOALS:1-3
 23500 | Shoals:1 | Upgraded the game from 0.31-a0-835-g2a3a5bc3be to
                  | 0.31-a0-840-g6d2ecbb638
 23500 | Shoals:1 | 23500 ||| PLANNING SHOALS:1-3
 23500 | Shoals:1 | Quit the game

Levels and vault maps discovered:
D:1:      moated_graveyard_arrival, layout_basic, st_stairs_12, minmay_3d_cube
D:2:      layout_loops_cross, serial_shops, nicolae_lakefront_shop, basic_altar,
          ebering_dispersal_statue_hall
D:3:      layout_basic, lemuel_coloured_pillars_altar, gup_sewer_entry_bowl
D:4:      layout_basic, minmay_temple_entry_statues_fountains,
          corexii_item_surrounded_by_moat
D:5:      layout_cave_pools, nicolae_overflow_hidden_temple,
          nicolae_ru_the_path_less_chosen, nemelex_spade_bored_becter,
          dancing_weapons_uskayaw, uniq_prince_ribbit1
D:6:      layout_basic, uniq_menkaure
D:7:      cheibrodos_two_vegetables, layout_basic,
          mainiacjoe_overflow_small_starburst, kennysheep_generic_room_6
D:8:      cheibrodos_shockbox, layout_loops_ring, kennysheep_little_box,
          gammafunk_ghost_hydra_chop, serial_shops, shop
D:9:      layout_roguey, tso_altar, makhleb_altar_promises_db, serial_bayou,
          serial_bayou_pond_b, serial_bayou_shore_a, serial_bayou_ford_a,
          serial_bayou_pond_b
D:10:     layout_roguey, kennysheep_orc_sif_temple, yredelemnul_altar_generic,
          uniq_gastronok, uniq_amaemon, uniq_erica, uniq_harold
D:11:     gammafunk_the_bubble [the_bubble_gammafunk_split],
          layout_loops_corners, lair_entry_dummy, orc_0_dummy
D:12:     layout_roguey, gammafunk_ghost_stat_death, kb_lookout_dungeons_type
D:13:     layout_roguey
D:14:     layout_basic, david_vaults_4, hangedman_decor_opposing,
          minmay_joined_circles, uniq_agnes
D:15:     grunt_enter_depths_magical_seal, layout_loops_ring, serial_shops,
          shop_scrolls, minmay_misc_feat_rows, minmay_crystal_room
Temple:   jpeg_temple_clearing
Lair:1:   layout_regular_city
Lair:2:   layout_cave_pods, evilmike_ambush [evilmike_ambush_outer_basic,
          evilmike_ambush_inner_basic]
Lair:3:   layout_long_grid, shoals_dummy_entry, nicolae_snake_entry_squirm,
          nicolae_volcano_entry_s_turn
Lair:4:   layout_small_grid, gauntlet_entry_generic, lemuel_fruit_fields
Lair:5:   hangedman_lair_tendril_chambers, layout_gridlike,
          guppyfry_lair_end_dragon, minmay_slime_entry_jelly_boxes,
          chequers_serial_rivers_marsh
Shoals:1: layout_shoals, uniq_kirke
Snake:1:  layout_onion_interference, serial_shops, shop, uniq_aizul
Snake:2:  layout_cave_shapes, basic_altar, uniq_nikola, uniq_vashnia
Snake:3:  layout_misc_corridors, basic_altar, nicolae_coiled_stairwell_down,
          grunt_megastairs_2
Orc:1:    layout_caves, uniq_nergalle, uniq_jorgrun, uniq_sonja
Orc:2:    grunt_orc_cross, layout_caves, minmay_shop_mayhem, uniq_nessos

Skill      XL: |  1  2  3  4  5  6  7  8  9 10 11 12 13 14 15 16 17 |
---------------+----------------------------------------------------+-----
Ranged Weapons | 5 6 7 8 9 11 13 14 15 16 18 19 | 19.1
Fighting       | 3 4 5 6 8 9 10 13 15 18 | 18.6
Armour         | 1 2 3 6 8 9 11 | 11.0
Dodging        | 2 3 4 6 8 9 10 | 10.0
Invocations    | 4 7 10 | 10.0
Stealth        | |  1.1

Action                     |  1- 3 |  4- 6 |  7- 9 | 10-12 | 13-15 | 16-18 || total
---------------------------+-------+-------+-------+-------+-------+-------++-------
   Fire: Shortbow          |    96 |   115 |   188 |       |       |       ||   399
         Orcbow            |       |       |   135 |   564 |  1041 |   201 ||  1941
         Longbow           |       |       |       |       |       |   446 ||   446
 Invoke: Heroism           |       |       |    13 |    20 |    32 |    22 ||    87
         Finesse           |       |       |       |     2 |     5 |     3 ||    10
    Use: Scroll            |     6 |     6 |     8 |    12 |    12 |     5 ||    49
         Potion            |     1 |     1 |     1 |       |     2 |     2 ||     7
 Armour: Leather armour    |     7 |       |    51 |    84 |       |       ||   142
         Ring mail         |     1 |     9 |       |    34 |   407 |   126 ||   577
         Robe              |       |    22 |    11 |       |       |       ||    33
         Troll leather arm |       |       |       |    31 |       |       ||    31
  Dodge: Dodged            |    10 |    47 |   123 |   270 |  1152 |   359 ||  1961
         Repelled          |       |       |       |       |     3 |     9 ||    12

Table legend:
 A = Non-vault XP
 B = Vault XP
 C = Vault XP percentage of total XP
 D = Non-vault monster count
 E = Vault monster count
 F = Vault count percentage of total count
                 A         B        C        D         E       F
            +---------+---------+-------+---------+---------+-------
      Total |  131827 |   66885 |  33.7 |     564 |     203 |  26.5
            +---------+---------+-------+---------+---------+-------
        D:1 |      36 |      14 |  28.0 |      22 |       7 |  24.1
        D:2 |      26 |       0 |   0.0 |       7 |       0 |   0.0
        D:3 |      71 |      23 |  24.5 |      13 |       4 |  23.5
        D:4 |     598 |       0 |   0.0 |      27 |       0 |   0.0
        D:5 |     356 |     255 |  41.7 |      13 |       1 |   7.1
        D:6 |    1390 |     172 |  11.0 |      28 |       1 |   3.4
        D:7 |     985 |    1123 |  53.3 |      25 |      10 |  28.6
        D:8 |    2529 |       0 |   0.0 |      37 |       0 |   0.0
        D:9 |    2603 |     911 |  25.9 |      30 |       4 |  11.8
       D:10 |    5123 |    4585 |  47.2 |      23 |      10 |  30.3
       D:11 |    6847 |       0 |   0.0 |      32 |       0 |   0.0
       D:12 |    1341 |     106 |   7.3 |      10 |       1 |   9.1
       D:13 |   14524 |    1357 |   8.5 |      39 |       1 |   2.5
       D:14 |    9592 |    6923 |  41.9 |      18 |      12 |  40.0
       D:15 |    8146 |    4388 |  35.0 |      18 |       9 |  33.3
     Lair:1 |    1177 |    1016 |  46.3 |       5 |       2 |  28.6
     Lair:2 |    3616 |     787 |  17.9 |      14 |       3 |  17.6
     Lair:3 |    4050 |     489 |  10.8 |      13 |       3 |  18.8
     Lair:4 |    3292 |       0 |   0.0 |      13 |       0 |   0.0
     Lair:5 |   19469 |   14460 |  42.6 |      49 |      62 |  55.9
   Shoals:1 |     605 |     178 |  22.7 |       1 |       1 |  50.0
    Snake:1 |   14428 |    1321 |   8.4 |      27 |       1 |   3.6
    Snake:2 |    7670 |    7955 |  50.9 |      16 |       6 |  27.3
    Snake:3 |   15464 |    4055 |  20.8 |      36 |       9 |  20.0
      Orc:1 |     808 |    3421 |  80.9 |      14 |       3 |  17.6
      Orc:2 |    4564 |    8615 |  65.4 |      30 |      39 |  56.5
    Abyss:3 |    2517 |       0 |   0.0 |       4 |       0 |   0.0
   Gauntlet |       0 |    4731 | 100.0 |       0 |      14 | 100.0
            +---------+---------+-------+---------+---------+-------
